 Dungeon Sprint DCSS version 0.31-a0-117-g42d8f58691 (webtiles) character file.

Game seed: 8322340399592177288

145 rocky1 the Trooper (level 5, -6/53 HPs)
             Began as a Minotaur Fighter on May 31, 2023.
             Mangled by a shadow (8 damage)
             ... in the Dungeon (Sprint III: "The Ten Rune Challenge").
             The game lasted 00:00:58 (984 turns).

rocky1 the Trooper (Minotaur Fighter)                Turns: 984, Time: 00:00:59

Health: -6/53      AC:  8    Str: 22    XL:     5   Next: 6%
Magic:  4/4        EV:  9    Int:  5    God:
Gold:   33         SH:  5    Dex: 10    Spells: 4/4 levels left

rFire   . . .        a - +0 flail
rCold   . . .        c - +0 buckler
rNeg    . . .        b - +0 scale mail
rPois   .            (helmet restricted)
rElec   .            (no cloak)
rCorr   .            (no gloves)
SInv    .            (no boots)
Will    .....        (no amulet) Stlth
                     (no ring)
HPRegen 0.28/turn    (no ring)
MPRegen 0.09/turn

%: no teleportation
@: no status effects
A: horns 2, retaliatory headbutt
a: no special abilities


You were in the Dungeon.
You visited 1 branch You collected 33 gold pieces.

Inventory:

Hand Weapons
 a - a +0 flail (weapon)
Armour
 b - a +0 scale mail (worn)
 c - a +0 buckler (worn)
Scrolls
 j - a scroll of blinking
 l - 2 scrolls of immolation {unknown}
 m - a scroll of enchant armour {unknown}
 o - 2 scrolls of identify
Potions
 d - a potion of might
 e - a potion of curing
 f - 6 potions of mutation {unknown}
 g - a potion of haste
 h - 2 potions of magic
 k - a potion of lignification {unknown}
 n - a potion of enlightenment {unknown}
 p - a potion of degeneration {unknown}


   Skills:
 + Level 7.7 Fighting
 + Level 5.3 Maces & Flails
 + Level 7.5 Armour
 + Level 0.1 Dodging
 + Level 6.8 Shields


You had 4 spell levels left.
You didn't know any spells.
Your spell library was empty.

Dungeon Overview and Level Annotations

Branches:
Dungeon (1/1)

Altars:


Innate Abilities, Weirdness & Mutations

You have a pair of horns on your head.
You reflexively headbutt those who attack you in melee.


Message History

The shadow is heavily damaged.
The shadow hits you.
You hit the shadow but do no damage. Your headbutt misses the shadow.
The shadow is heavily damaged.
The shadow hits you.
You closely miss the shadow.
The shadow is heavily damaged.
The shadow hits you.
You barely miss the shadow. You headbutt the shadow.
The shadow is severely damaged.
The shadow hits you.
You hit the shadow but do no damage.
The shadow is severely damaged.
The shadow barely misses you. The shadow hits you.
* * * LOW HITPOINT WARNING * * *
You barely miss the shadow.
The shadow is severely damaged.
You block the shadow's attack.
You barely miss the shadow.
The shadow is severely damaged.
The shadow closely misses you.
You hit the shadow but do no damage. Your headbutt misses the shadow.
The shadow is severely damaged.
The shadow slips into darkness.
The shadow flickers and vanishes!
Deactivating autopickup; reactivate with Ctrl-A.
You closely miss something.
The shadow strikes at you from the darkness!
* * * LOW HITPOINT WARNING * * *
Reactivating autopickup.
You hit the shadow but do no damage.
The shadow is severely damaged.
The shadow hits you.
* * * LOW HITPOINT WARNING * * *
You hit the shadow.
The shadow is severely damaged.
The shadow hits you.
* * * LOW HITPOINT WARNING * * *
The shadow hits you!
You die...

▓▓▓ # ##.# #####..#
.#..#..#
.#..#..###+#+###+##
.##'#..#..........#
.###...'.⌠........#
####...#...######'#
###....#.⌠.# #W@.#
##.....#...# #...#
#......#+### #...#
.#.....# #...+
###....# +...#
▓▓▓▓▓▓ ▓▓▓▓▓


You could see a shadow.

Vanquished Creatures
  A water elemental (D)
  A jelly (D)
  Jessica (D)
  A human (D)
  A wolf (D)
  2 endoplasms (D)
  A rat (D)
8 creatures vanquished.

Notes
Turn   | Place    | Note
-------+----------+-------------------------------------------
     0 | D        | rocky1 the Minotaur Fighter began the quest for the Orb.
     0 | D        | Reached XP level 1. HP: 19/19 MP: 0/0
    45 | D        | Noticed Jessica
    51 | D        | Killed Jessica
    52 | D        | Reached skill level 5 in Fighting
    52 | D        | Reached skill level 5 in Armour
    52 | D        | Reached skill level 5 in Shields
    52 | D        | Reached XP level 2. HP: 29/29 MP: 1/1
    52 | D        | Reached XP level 3. HP: 36/36 MP: 2/2
   536 | D        | Noticed a water elemental
   539 | D        | Killed a water elemental
   540 | D        | Reached XP level 4. HP: 47/47 MP: 3/3
   808 | D        | Reached skill level 5 in Maces & Flails
   808 | D        | Reached XP level 5. HP: 37/53 MP: 4/4
   965 | D        | Noticed a shadow
   984 | D        | HP: 2/53 [shadow (6)]
   984 | D        | Mangled by a shadow

Illustrated notes

Levels and vault maps discovered:
D:        dungeon_sprint_mu [sprint_mu_entry_cave, sprint_mu_temple_rooms,
          sprint_mu_d1_spiders, sprint_mu_d2_genie, sprint_mu_d3_branching,
          sprint_mu_orc_legion, sprint_mu_elf_gauntlet, sprint_mu_hive_nellie,
          sprint_mu_lair_fedhas, sprint_mu_vaults_butterflies,
          sprint_mu_slime_circle, sprint_mu_swamp_cave, sprint_mu_snake_twists,
          sprint_mu_blade_basic, sprint_mu_crypt_lich, sprint_mu_tomb_spiral,
          sprint_mu_vestibule_basic, sprint_mu_gehenna_hellfire,
          sprint_mu_dis_giant, sprint_mu_tartarus_statrot,
          sprint_mu_cocytus_islands, sprint_mu_zot1]

Skill      XL: |  1  2  3  4 |
---------------+-------------+-----
Fighting       | 5 7 |  7.7
Armour         | 5 7 |  7.5
Shields        | 5 6 |  6.8
Maces & Flails | 3 4 5 |  5.3
Dodging        | |  0.1

Action                     |  1- 3 |  4- 6 || total
---------------------------+-------+-------++-------
  Melee: Flail             |    29 |    21 ||    50
         Headbutt          |     3 |     3 ||     6
    Use: Potion            |     2 |       ||     2
 Armour: Scale mail        |     4 |     4 ||     8
  Dodge: Dodged            |     9 |     3 ||    12
  Block: Buckler           |     6 |     1 ||     7

Table legend: (Time is in decaauts)
 A = Elapsed time spent in this place.
 B = Non-inter-level travel time spent in this place.
 C = Inter-level travel time spent in this place.
 D = Time resting spent in this place.
 E = Time spent auto-exploring this place.
 F = Levels seen in this place.
 G = Mean time per level.
                   A        B        C        D        E       F      G
               +--------+--------+--------+--------+--------+-----+--------+
         Total |   1004 |   1004 |      0 |    854 |     25 |   1 | 1004.0 |
       Dungeon |   1004 |   1004 |      0 |    854 |     25 |   1 | 1004.0 |
               +--------+--------+--------+--------+--------+-----+--------+

Top non-repeatable levels by time:
       D: 1004 daAuts
